 Dungeon Crawl Stone Soup version 0.21.0 (webtiles) character file.

1 tidbits the Sneak (level 1, -4/7 HPs)
             Began as a Felid Air Elementalist on Jan 7, 2018.
             Slain by a hobgoblin (5 damage)
             ... on level 1 of the Dungeon.
             The game lasted 00:00:42 (81 turns).

tidbits the Sneak (Felid Air Elementalist)            Turns: 81, Time: 00:00:43

Health: -4/7       AC:  1    Str:  4    XL:     1   Next: 16%
Magic:  3/4        EV: 18    Int: 16    God:
Gold:   0          SH:  0    Dex: 16    Spells: 3/4 levels left
                                        Lives:  0   Deaths: 0

rFire    . . .     SeeInvis +   (weapon unavailable)
rCold    . . .     Gourm    .   (shield unavailable)
rNeg     . . .     Faith    .   (armour unavailable)
rPois    .         Spirit   .   (helmet unavailable)
rElec    .         Reflect  .   (cloak unavailable)
rCorr    .         Harm     .   (gloves unavailable)
MR       .....                  (boots unavailable)
Stlth    +++.......             (no amulet)
HPRegen  0.02/turn              (no ring)
MPRegen  0.09/turn              (no ring)

@: quick
A: very small, no armour, no weapons or thrown items, stealth, claws 1, fangs 3,
see invisible, carnivore, speed 1, shaggy fur 1, slow metabolism 1, sharp paws
a: no special abilities


You were on level 1 of the Dungeon.
You were not hungry.

You visited 1 branch of the dungeon, and saw 2 of its levels.

Inventory:

Scrolls
 c - a scroll of fear {unknown}
Books
 a - a book of Air

   Spells                             Type                      Level
   a - Shock                          Conjuration/Air              1
   b - Swiftness                      Charms/Air                   2
   c - Static Discharge               Conjuration/Air              3
   d - Airstrike                      Air                          4
   e - Lightning Bolt                 Conjuration/Air              5
Comestibles
 b - 3 rations


   Skills:
 - Level 2.6 Dodging
 - Level 2.6 Stealth
 + Level 0.4 Unarmed Combat
 - Level 2.0 Spellcasting
 - Level 0.8 Conjurations
 - Level 2.6 Air Magic


You had 3 spell levels left.
You knew the following spells:

 Your Spells              Type           Power        Failure   Level  Hunger
a - Shock                 Conj/Air       #...         10%         1    #......


Dungeon Overview and Level Annotations

Branches:
Dungeon (2/15)

Altars:


Innate Abilities, Weirdness & Mutations

You cannot wear armour.
You are incapable of wielding weapons or throwing items.
Your paws allow you to move quietly. (Stealth)
You have sharp claws.
You have razor-sharp teeth.
You have supernaturally acute eyesight. (SInv)
You are carnivorous and can eat meat at any time.
You cover ground quickly.
You are covered in fur. (AC +1)
You have a slow metabolism.
Your sharp claws are effective at attacking unaware monsters.


Message History

Welcome, tidbits the Felid Air Elementalist.
It is said that the Orb of Zot exists deep within this dungeon.
Press ? for a list of commands and other information.
Found a staircase leading out of the dungeon.
Adjust (i)tems, (s)pells, or (a)bilities?
Huh?
Unknown command.
Adjust (i)tems, (s)pells, or (a)bilities?
Adjust which spell? z - Shock Adjust to which letter? a - Shock
Found a ration.
b - 2 rations (gained 1)
Found a scroll labeled HUPICL RAONG.
c - a scroll labeled HUPICL RAONG A kobold comes into view.
The kobold shouts!
Casting: Shock
Confirm with . or Enter, or press ? or * to list all spells.
Aiming: Shock
Press: ? - help, Shift-Dir - straight line The zap hits the kobold.
You kill the kobold!
Found a stone staircase leading down.
A frilled lizard comes into view.
Casting: Shock
Confirm with . or Enter, or press ? or * to list all spells.
Aiming: Shock
Press: ? - help, Shift-Dir - straight line The zap hits the frilled lizard.
The frilled lizard is heavily wounded.
The zap hits the frilled lizard.
You kill the frilled lizard!
Found a ration.
b - 3 rations (gained 1)
There is a stone staircase leading down here.
You climb downwards. 2 hobgoblins and 3 kobolds come into view.
Found 31 gold pieces and 14 bolts.
There is a stone staircase leading up here.
The kobold shouts!
The hobgoblin shouts!
The kobold shouts! x2
Found a scroll labeled AZIXEH OXTYA.
You scratch the hobgoblin but do no damage.
You hear a shout!
The hobgoblin misses you.
A rat comes into view.
The hobgoblin misses you.
A quokka and a goblin come into view.
There is a stone staircase leading up here.
The hobgoblin hits you with a club. The hobgoblin hits you.
Ouch! That really hurt!
* * * LOW HITPOINT WARNING * * *
You climb upwards.
There is a stone staircase leading down here.
Unknown command.
You aren't carrying any potions.
Unknown command.
The hobgoblin closely misses you. x2
The hobgoblin hits you.
Ouch! That really hurt!
You die...

#.#.#.#
..... ...
#.# #.# #.#
#.###
##g..#####
#>.@.....#
#g##†#...#
#.##.#.#.#
#.####.# #
...###.###
#.##.....#
#..#.###.###
####. #...#
# #####.#


You could see 2 hobgoblins.

Vanquished Creatures
  A frilled lizard (D:1)
  A kobold (D:1)
2 creatures vanquished.

Notes
Turn   | Place    | Note
-------+----------+-------------------------------------------
     0 | D:1      | tidbits the Felid Air Elementalist began the quest for the Orb.
     0 | D:1      | Reached XP level 1. HP: 7/7 MP: 4/4
    81 | D:1      | Slain by a hobgoblin

Action                   || total
-------------------------++-------
Melee: Unarmed           ||     1
 Cast: Shock             ||     2
Dodge: Dodged            ||     4

Table legend:
 A = Turns spent in this place as a percentage of turns spent in the entire game.
 B = Non-inter-level travel turns spent in this place as a percentage of non-inter-level travel turns spent in the entire game.
 C = Inter-level travel turns spent in this place as a percentage of turns spent in this place.
 D = Turns resting spent in this place as a percentage of non-inter-level travel turns spent in this place.
 E = Turns spent auto-exploring this place as a percentage of non-inter-level travel turns spent in this place.
 F = Non-inter-level travel turns spent in this place divided by the number of levels of this place that you've seen.
                   A       B       C       D       E      F
               +-------+-------+-------+-------+-------+----------------------
         Total | 100.0 | 100.0 |   0.0 |   0.0 |   0.0 |  40.5
       Dungeon | 100.0 | 100.0 |   0.0 |   0.0 |   0.0 |  40.5
               +-------+-------+-------+-------+-------+----------------------

Table legend:
 A = Kills in this place as a percentage of kills in entire the game.
 B = Kills by you in this place as a percentage of kills by you in the entire game.
 C = Kills by friends in this place as a percentage of kills by friends in the entire game.
 D = Other kills in this place as a percentage of other kills in the entire game.
 E = Experience gained in this place as a percentage of experience gained in the entire game.
 F = Experience gained in this place divided by the number of levels of this place that you have seen.
                   A       B       C       D       E      F
               +-------+-------+-------+-------+-------+----------------------
         Total | 100.0 | 100.0 |   N/A |   N/A | 100.0 |   1.0
       Dungeon | 100.0 | 100.0 |   N/A |   N/A | 100.0 |   1.0
               +-------+-------+-------+-------+-------+----------------------

Vault maps used:
D:1:      elethiomel_arrival_maze
D:2:      lemuel_blue_sif_altar, lemuel_round_altar, serial_forest,
          infiniplex_forest_lined_room_3, infiniplex_forest_zigzag_1,
          infiniplex_forest_end_1, infiniplex_forest_clump_tiny,
          infiniplex_forest_lined_3_way, infiniplex_forest_straight_2,
          infiniplex_forest_lined_2, uniq_sigmund, uniq_jessica
